Map: Triton LE

Players

Lukman

  • Race: Terran Terran
  • Spawn Location: 5:00

Khun (Ranger) - Winner!

  • Race: Protoss Protoss
  • Spawn Location: 11:00

Event: SEA Games 2019

VOD

https://youtu.be/-I_lLjFGP3c

Description

Time

  • Played on: Dec. 5, 2019, 1:15 a.m.
  • Length: 10:32

All games in this series

Show
View Real Time Build Order
Export as new Build Order

Lukman Terran 

Build Orders:  

Get SALT Encoding   

  12  0:00  SCV  
  13  0:12  SCV  
  14  0:21  Supply Depot  
  14  0:25  SCV  
  15  0:44  Barracks  
  15  0:47  Refinery  
  15  0:57  Barracks  
  15  1:00  SCV  
  16  1:12  SCV  
  17  1:24  SCV  
  18  1:31  Barracks Tech Lab  
  18  1:36  Orbital Command  
  18  1:44  Marine  
  19  1:51  Supply Depot  
  19  1:56  Marauder  
  19  1:57  Concussive Shells  
  21  2:02  Marine  
  21  2:06  SCV  
  23  2:18  Marauder  
  23  2:20  Marine, SCV  
  27  2:32  SCV  
  27  2:36  Supply Depot  
  28  2:39  Marauder, Marine  
  30  3:03  Marauder  
  30  3:04  Marine  
  31  3:07  SCV  
  31  3:12  Factory  
  32  3:31  Bunker, Marauder, Marine  
  33  3:34  SCV  
  31  3:46  SCV  
  31  3:48  Command Center  
  33  3:58  SCV  
  33  4:01  Marine  
  33  4:06  Factory Tech Lab  
  33  4:09  Refinery  
  29  4:10  SCV  
  28  4:20  Marine  
  28  4:22  SCV  
  29  4:26  Bunker  
  29  4:28  Siege Tank  
  32  4:35  Supply Depot, SCV  
  32  4:37  Marine  
  34  4:39  Starport  
  33  4:47  SCV  
  34  4:55  Marine  
  34  4:58  Barracks  
  35  5:03  Orbital Command  
  35  5:07  Siege Tank  
  39  5:14  Barracks Reactor  
  39  5:19  Orbital Command  
  39  5:20  SCV, Liberator  
  39  5:31  Bunker  
  39  5:39  SCV  
  43  5:46  SCV  
  44  5:51  SCV  
  44  5:54  Marine x2  
  44  5:56  Barracks Tech Lab  
  47  5:59  SCV  
  47  6:03  Barracks, SCV  
  49  6:04  Factory Tech Lab  
  49  6:05  Engineering Bay  
  49  6:10  Stimpack  
  49  6:11  Marine, SCV  
  51  6:12  Marine x2  
  51  6:15  SCV  
  54  6:20  Starport Reactor  
  54  6:23  SCV  
  55  6:27  SCV  
  55  6:29  Marine x3  
  62  6:34  Terran Infantry Weapons Level 1  
  62  6:35  SCV  
  62  6:38  Refinery  
  62  6:39  Supply Depot, SCV  
  61  6:41  Supply Depot  
  61  6:48  SCV  
  62  6:55  Supply Depot  
  62  7:01  Medivac, Marine x3, SCV  
  68  7:04  Supply Depot  
  68  7:05  Combat Shield  
  68  7:08  Marauder  
  70  7:09  SCV  
  70  7:13  SCV  
  72  7:18  Marine  
  72  7:19  Factory Reactor  
  72  7:20  Marauder  
  72  7:21  SCV  
  76  7:25  Refinery, SCV  
  76  7:27  Supply Depot  
  77  7:31  Medivac  
  77  7:32  Marine x2  
  77  7:33  SCV  
  77  7:36  Marine  
  83  7:39  SCV  
  83  7:41  Marine  
  81  7:53  Marauder, Marine  
  84  8:02  Marauder, Marine  
  84  8:03  SCV  
  88  8:08  Command Center  
  88  8:11  Marine  
  88  8:12  Barracks  
  88  8:14  Barracks  
  88  8:15  Marauder  
  88  8:19  Marine  
  87  8:23  Marauder  
  87  8:24  Widow Mine x2  
  83  8:29  Terran Infantry Armor Level 1  
  79  8:35  SCV  
  71  8:44  Marine  
  71  8:45  Marauder  
  58  8:56  Marine  
  58  8:57  Marauder  
  58  8:58  Widow Mine x2  
  58  9:02  Marine  
  60  9:06  Marauder  
  60  9:14  Marine, Orbital Command  
  58  9:18  Marauder  
  58  9:19  Widow Mine  
  56  9:24  Marine  
  57  9:37  SCV  
  58  9:44  Refinery  
  58  9:47  Orbital Command  
  58  9:59  Marauder x2, Marine x2  
  64  10:01  Bunker, Marine  
Show
View Real Time Build Order
Export as new Build Order

Khun Protoss - Winner!

Build Orders: 1 Gate Expand 

Get SALT Encoding   

  12  0:00  Probe  
  13  0:12  Probe  
  14  0:17  Pylon  
  14  0:24  Probe  
  15  0:35  Gateway  
  15  0:38  Probe (Chrono Boost)  
  16  0:46  Probe (Chrono Boost)  
  16  0:48  Assimilator  
  17  0:52  Probe  
  18  1:05  Probe  
  19  1:17  Probe  
  20  1:27  Nexus  
  20  1:34  Cybernetics Core  
  20  1:38  Assimilator  
  20  1:42  Probe  
  21  1:48  Pylon  
  21  1:54  Probe  
  22  1:58  Pylon  
  22  2:08  Probe  
  23  2:11  Adept (Chrono Boost)  
  23  2:15  Warp Gate  
  25  2:20  Probe  
  25  2:21  Robotics Facility  
  26  2:33  Probe (Chrono Boost)  
  26  2:36  Stalker  
  29  2:40  Probe (Chrono Boost)  
  31  2:45  Probe (Chrono Boost)  
  31  2:50  Probe (Chrono Boost)  
  32  2:52  Probe (Chrono Boost)  
  32  2:58  Probe  
  34  3:05  Pylon  
  34  3:06  Stalker (Chrono Boost)  
  37  3:16  Immortal (Chrono Boost)  
  39  3:25  Pylon  
  39  3:26  Probe  
  39  3:27  Probe  
  36  3:41  Stalker  
  34  3:55  Gateway  
  34  3:57  Probe x2  
  34  3:58  Gateway  
  35  4:09  Probe  
  36  4:11  Probe  
  37  4:23  Probe (Chrono Boost)  
  39  4:25  Twilight Council  
  39  4:26  Probe (Chrono Boost)  
  40  4:32  Probe (Chrono Boost)  
  40  4:33  Sentry  
  40  4:35  Observer, Probe (Chrono Boost)  
  40  4:37  Probe (Chrono Boost)  
  46  4:46  Pylon  
  46  4:48  Probe (Chrono Boost)  
  46  4:49  Probe (Chrono Boost)  
  47  4:55  Phoenix  
  47  4:58  Pylon  
  48  5:00  Probe (Chrono Boost)  
  48  5:01  Probe (Chrono Boost)  
  48  5:02  Charge  
  49  5:07  Probe  
  49  5:09  Probe  
  49  5:10  Observer  
  49  5:14  Pylon  
  52  5:18  Gateway, Sentry  
  52  5:19  Probe, Sentry  
  57  5:25  Probe  
  57  5:27  Assimilator  
  58  5:29  Assimilator  
  58  5:32  Probe  
  58  5:34  Pylon  
  59  5:37  Probe  
  59  5:38  Pylon  
  60  5:44  Probe, Warp Prism (Chrono Boost)  
  60  5:49  Probe  
  64  5:56  Probe, Gateway  
  65  6:01  Gateway  
  65  6:06  Probe  
  65  6:08  Probe  
  67  6:13  Zealot x2  
  67  6:15  Zealot  
  73  6:20  Zealot  
  75  6:32  Nexus  
  75  6:42  Zealot x3  
  75  6:43  Blink (Chrono Boost)  
  81  6:47  Phoenix  
  81  6:49  Pylon  
  81  6:56  Forge  
  81  6:57  Probe (Chrono Boost)  
  83  7:02  Probe (Chrono Boost)  
  83  7:07  Probe (Chrono Boost)  
  83  7:08  Templar Archives  
  84  7:10  Zealot  
  84  7:11  Zealot  
  88  7:18  Stalker  
  88  7:19  Stalker  
  88  7:21  Probe  
  92  7:29  Stalker  
  91  7:33  Zealot  
  90  7:38  Probe  
  91  7:47  Stalker  
  91  7:49  Stalker  
  95  7:54  Probe  
  95  7:58  Protoss Ground Armor Level 1 (Chrono Boost)  
  96  8:00  High Templar x2  
  96  8:03  Probe  
  97  8:06  Archon  
  97  8:07  High Templar x2  
  97  8:09  Pylon  
  95  8:12  Archon  
  95  8:16  Zealot x2  
  100  8:20  Probe x3  
  92  8:33  Zealot x2  
  92  8:34  Zealot x2  
  90  8:37  Zealot x2  
  62  8:56  Zealot x4  
  62  8:58  Immortal (Chrono Boost)  
  62  9:00  High Templar x2  
  78  9:07  Archon  
  69  9:11  Observer  
  69  9:15  Gateway  
  64  9:17  Gateway  
  64  9:20  High Templar x3  
  64  9:21  Probe (Chrono Boost), High Templar  
  74  9:24  Archon x2  
  74  9:27  Probe (Chrono Boost)  
  74  9:31  Probe (Chrono Boost)  
  76  9:33  Probe (Chrono Boost)  
  76  9:37  Probe (Chrono Boost)  
  76  9:38  Probe x2 (Chrono Boost)  
  78  9:40  Stalker x2  
  83  9:47  Probe  
  83  9:48  Probe  
  85  9:58  Zealot  
  85  9:59  Zealot x3  
  81  10:20  Zealot x5  
Tags
 
Add a new tag
Caveats
  • Supply blocks, unpowered buildings, or Contaminate may cause inaccurate times.
  • Supply counts are checked every 10 seconds.